 Dungeon Crawl Stone Soup version 0.30.0-15-g856e2d3f33 (webtiles) character file.

Game seed: 3672519903485513597

417 DemonSlayer the Digger (level 6, -4/41 HPs)
             Began as a Demonspawn Earth Elementalist on May 19, 2023.
             Slain by a gnoll
             ... wielding a +0 halberd
              (11 damage)
             ... on level 4 of the Dungeon.
             The game lasted 00:07:26 (3920 turns).

DemonSlayer the Digger (DsEE)                       Turns: 3920, Time: 00:07:27

Health: -4/41      AC:  4    Str:  8    XL:     6   Next: 61%
Magic:  5/12       EV:  6    Int: 17    God:
Gold:   1259       SH:  0    Dex: 15    Spells: 7/13 levels left

rFire   x . .        h - +0 dagger
rCold   + . .        (no shield)
rNeg    . . .        a - +0 robe
rPois   .            (no helmet)
rElec   .            g - +1 cloak
rCorr   .            (no gloves)
SInv    .            (boots unavailable)
Will    .....        (no amulet)
Stlth   ++           c - ring of ice
HPRegen 0.26/turn    (no ring)
MPRegen 0.13/turn

%: no passive effects
@: held
A: hooves 3, powered by death 1, weakness stinger 1
a: no special abilities


You were on level 4 of the Dungeon.
You visited 1 branch of the dungeon, and saw 4 of its levels.

You collected 1259 gold pieces.

Inventory:

Hand Weapons
 h - a +0 dagger (weapon)
Armour
 a - a +0 robe (worn)
 g - a +1 cloak (worn)
Jewellery
 c - a ring of ice (left hand)
Wands
 m - a wand of paralysis (6)
Scrolls
 d - a scroll of magic mapping
 f - a scroll of identify
Potions
 b - 3 potions of heal wounds {unknown}
 e - a potion of mutation {unknown}
 i - a potion of invisibility {unknown}
 j - 3 potions of attraction {unknown}
 k - 4 potions of curing {unknown}
 l - a potion of lignification {unknown}
 n - a potion of haste {unknown}


   Skills:
 + Level 0.3 Fighting
 + Level 0.5 Short Blades
 + Level 2.3 Dodging
 + Level 2.7 Stealth
 + Level 0.1 Unarmed Combat
 + Level 4.2 Spellcasting
 + Level 0.1 Conjurations
 + Level 0.9 Transmutations
 + Level 4.9 Earth Magic


You had 7 spell levels left.
You knew the following spells:

 Your Spells              Type           Power      Damage    Failure   Level
a - Sandblast             Erth           40%        2d10      1%          1
b - Stone Arrow           Conj/Erth      24%        3d8       16%         3
c - Passwall              Tmut/Erth      10%        N/A       7%          2

Your spell library contained the following spells:

 Spells                   Type           Power      Damage    Failure   Level
 Freeze                   Ice            20%        1d4       16%         1
 Ensorcelled Hibernation  Hex/Ice        10%        N/A       24%         2
 Lesser Beckoning         Tloc           6%         N/A       24%         2
 Hailstorm                Conj/Ice       5%         3d4       41%         3
 Frozen Ramparts          Ice            10%        1d2       43%         3
 Gell's Gravitas          Tloc           3%         N/A       43%         3
 Swiftness                Air            3%         N/A       43%         3
 Teleport Other           Tloc           3%         N/A       43%         3
 Petrify                  Tmut/Erth      13%        N/A       43%         4


Dungeon Overview and Level Annotations

Branches:
Dungeon (4/15)
 Temple: D:4-7

Altars:

Annotations:
D:3 Robin


Innate Abilities, Weirdness & Mutations

You have hooves in place of feet.
You regenerate a little health from kills.
You have a small tail.


Message History

The gnoll is heavily wounded.
A gnoll breaks down the large door.
The blast of sand hits the gnoll!
The gnoll is almost dead.
The gnoll hits you with a +0 flail.
The blast of sand hits the gnoll.
You kill the gnoll!
The gnoll hits you from afar with a +0 halberd.
The gnoll hits you with a +0 club. x2; The gnoll completely misses you.
You are too injured to fight recklessly!
You are too injured to fight recklessly!
You are too injured to fight recklessly!
You are too injured to fight recklessly!
Casting: Sandblast (safe; 1% risk of failure)
Confirm with . or Enter, or press ? or * to list all spells.
Aiming: Sandblast (safe; 1% risk of failure)
Press: ? - help, Shift-Dir - straight line, f - gnoll
Aim: a gnoll, wielding a +0 club (85% to hit)
The blast of sand hits the gnoll!
The gnoll is severely wounded.
The gnoll barely misses you. The gnoll hits you with a +0 club.
Unknown command.
Casting: Sandblast (safe; 1% risk of failure)
Confirm with . or Enter, or press ? or * to list all spells.
Aiming: Sandblast (safe; 1% risk of failure)
Press: ? - help, Shift-Dir - straight line, f/p - gnoll
Aim: a gnoll, wielding a +0 club (severely wounded, 85% to hit)
The blast of sand hits the gnoll.
The gnoll is almost dead.
The gnoll completely misses you. The gnoll misses you.
The gnoll hits you but does no damage.
The gnoll throws a throwing net.
The throwing net hits you.
You become entangled in the net!
Unknown command.
You struggle against the net.
The gnoll hits you from afar with a +0 halberd!
* * * LOW HITPOINT WARNING * * *
The gnoll hits you but does no damage.
You struggle against the net.
The gnoll hits you from afar with a +0 halberd!
You die...

....... ........ ..#
#....... ...# ........
#...# #..#.... #.§.
##g)..... #.D
##)g'....## #.
##.@#+#....## #.
##..##.##...[## ##
##..##.⌠.##....## ##
#..##.....##..g.## ##D
#.##...'...##....###g.
#.#...#'#...#...D##..#
#.'⌠.##.##.⌠'.......##
#.#.##...##.#........#
#.###.....###.........


You could see 2 gnolls.

Vanquished Creatures
  Sigmund (D:3)
  An orc wizard (D:3)
  9 adders
  6 gnolls (D:4)
  2 worms
  A dart slug (D:3)
  5 orcs
  5 endoplasms
  6 giant cockroaches
  13 goblins
  8 hobgoblins
  2 jackals (D:1)
  4 quokkas
  7 ball pythons
  4 bats
  3 frilled lizards
  4 kobolds
  7 rats
88 creatures vanquished.

Notes
Turn   | Place    | Note
-------+----------+-------------------------------------------
     0 | D:1      | DemonSlayer the Demonspawn Earth Elementalist began the
                  | quest for the Orb.
     0 | D:1      | Reached XP level 1. HP: 13/13 MP: 3/3
   207 | D:1      | Discovered your monstrous ancestry.
   207 | D:1      | Gained mutation: You have large cloven feet. [demonic
                  | ancestry]
   207 | D:1      | Reached XP level 2. HP: 19/19 MP: 3/5
  1119 | D:1      | Gained mutation: You have hoof-like feet. [demonic
                  | ancestry]
  1119 | D:1      | Reached XP level 3. HP: 23/24 MP: 3/6
  1186 | D:1      | Learned a level 3 spell: Stone Arrow
  1189 | D:1      | Learned a level 2 spell: Passwall
  1189 | D:1      | Identified a scroll of acquirement
  1189 | D:1      | Acquired 1071 gold pieces
  1457 | D:2      | Gained mutation: You have hooves in place of feet. [demonic
                  | ancestry]
  1457 | D:2      | Reached XP level 4. HP: 24/30 MP: 0/8
  2720 | D:3      | Gained mutation: You have a small tail. [demonic ancestry]
  2720 | D:3      | Reached XP level 5. HP: 32/35 MP: 6/9
  2757 | D:3      | Noticed Robin
  2972 | D:3      | Noticed Sigmund
  2977 | D:3      | Killed Sigmund
  2978 | D:3      | Gained mutation: You regenerate a little health from kills.
                  | [demonic ancestry]
  2978 | D:3      | Reached XP level 6. HP: 41/41 MP: 4/12
  3295 | D:4      | Noticed a steam dragon
  3920 | D:4      | Slain by a gnoll

Illustrated notes

Levels and vault maps discovered:
D:1:      minmay_arrival_glassed_features, layout_loops_corners
D:2:      layout_rooms, due_unseen_surprise
D:3:      layout_basic, st_stairs_3, chequers_serial_rivers_small_3,
          uniq_sigmund, uniq_robin
D:4:      layout_layer_cave, minmay_temple_entry_antechambers,
          grunt_decor_arrowhead

Skill      XL: |  1  2  3  4  5 |
---------------+----------------+-----
Earth Magic    | 3 4 |  4.9
Stealth        | 2 |  2.7
Dodging        | 2 |  2.3
Spellcasting   | 3 4 |  4.2
Fighting       | |  0.3
Short Blades   | |  0.5
Unarmed Combat | |  0.1
Conjurations   | |  0.1
Transmutations | |  0.9

Action                     |  1- 3 |  4- 6 || total
---------------------------+-------+-------++-------
  Melee: Unarmed           |     4 |       ||     4
         Dagger            |    21 |     7 ||    28
         Kick              |     2 |     1 ||     3
         Punch             |     1 |       ||     1
   Cast: Sandblast         |    56 |    79 ||   135
         Passwall          |       |     2 ||     2
         Stone Arrow       |       |     2 ||     2
    Use: Potion            |     2 |       ||     2
         Scroll            |     4 |     5 ||     9
   Stab: Sleeping          |     4 |     3 ||     7
 Armour: Robe              |    13 |    25 ||    38
  Dodge: Dodged            |    43 |    46 ||    89
